AoeStats
← Science Bitch!!!

Arabia

508839696Analyzed
2v2 RM · 8d ago on Sep 24, 2026· 65m 53s· 4 players
Game mode
Random Map
Map size
Medium (4 player)
Population
200
Speed
Normal
Resources
Standard
Victory
Conquest
Starting age
Dark Age
Ending age
Imperial Age
RankedLock teamsTeams togetherTeam positionsShared explorationLock speedFull tech treeHidden civsTurbo modeCheats
Victory
Defeat
🇳🇿 Vietnamese · New Zealand
1052
+16
🇳🇿 Sicilians · New Zealand
985
+19
🇮🇳 Persians · India
1052
-18
🇮🇳 Mongols · India
1037
-17
Eruedraith
3:17 Loom
10:53 Feudal Age
13:41 Double-Bit Axe
14:54 Horse Collar
21:15 Castle Age
19:35 Gold Mining
22:04 Wheelbarrow
21:23 Fletching
21:33 Padded Archer Armor
21:41 Crossbowman
23:01 Bow Saw
22:55 Heavy Plow
24:59 Thumb Ring
26:24 Bodkin Arrow
27:00 Pikeman
28:08 Scale Mail Armor
28:19 Forging
28:37 Squires
30:17 Chain Mail Armor
35:13 Leather Archer Armor
35:34 Iron Casting
38:04 Hand Cart
37:35 Town Watch
43:13 Imperial Age
42:46 Ballistics
43:20 Stone Mining
43:25 Arson
45:09 Chemistry
44:37 Bracer
45:08 Halberdier
46:45 Town Patrol
48:09 Two-Man Saw
47:47 Treadmill Crane
48:03 Murder Holes
50:29 Paper Money
53:02 Ring Archer Armor
53:12 Plate Mail Armor
53:14 Elite Rattan Archer
55:38 Stone Shaft Mining
58:20 Hoardings
60:44 Scale Barding Armor
65:21 Chain Barding Armor
65:12 Guilds
65:31 Chatras
65:01 Sappers
Dymonicus
7:31 Loom
9:37 Feudal Age
28:32 Castle Age
43:14 Double-Bit Axe
55:45 First Crusade
55:55 Scale Mail Armor
56:05 Forging
56:41 Forging
57:25 Chain Mail Armor
57:00 Fletching
58:44 Iron Casting
58:50 Bodkin Arrow
59:32 Husbandry
59:43 Bloodlines
60:37 Wheelbarrow
62:19 Hand Cart
64:39 Imperial Age
63:30 Bloodlines
64:58 Scale Barding Armor
65:44 Hauberk
65:32 Cavalier
66:04 Horse Collar
Science Bitch!!!
5:49 Loom
9:30 Feudal Age
10:03 Horse Collar
16:57 Forging
17:45 Scale Barding Armor
19:11 Wheelbarrow
21:29 Bloodlines
23:43 Castle Age
23:31 Light Cavalry
28:05 Gold Mining
29:42 Double-Bit Axe
38:32 Gold Shaft Mining
39:08 Heavy Plow
41:56 Iron Casting
42:39 Bow Saw
43:49 Chain Barding Armor
48:41 Imperial Age
45:59 Town Watch
47:21 Fletching
47:32 Padded Archer Armor
46:56 Elite Skirmisher
48:12 Bodkin Arrow
53:37 Cavalier
54:45 Hussar
55:32 Husbandry
56:34 Blast Furnace
56:10 Plate Barding Armor
56:49 Two-Man Saw
Recursion
9:01 Loom
10:46 Feudal Age
12:29 Double-Bit Axe
16:53 Man-at-Arms
22:56 Horse Collar
28:34 Castle Age
26:51 Bloodlines
27:19 Scale Barding Armor
27:25 Forging
28:26 Gold Mining
29:48 Bow Saw
44:44 Imperial Age
42:14 Stone Mining
43:37 Iron Casting
46:04 Cavalier
48:13 Chain Barding Armor
49:09 Blast Furnace
48:29 Husbandry
50:01 Fletching
51:04 Bodkin Arrow
52:21 Thumb Ring
53:32 Bracer
54:50 Ballistics
54:47 Heavy Cavalry Archer
58:14 Parthian Tactics
59:19 Light Cavalry
60:55 Hussar
Connection lost

Rejoining the realm…

Still unreachable

The connection could not be restored.

Session expired

The server has moved on; the page needs a fresh start.